[ AOE2 MATCH · #495618147 ]
UnrankedWu vs Aztecs
Player's team · WIN
Rival team · LOSS
[ REPLAY ANALYSIS · EXTRACTED FROM THE RECORDED GAME ]
Feudal
8:50
Castle
20:56
Imperial
41:07
| APM avg | 43.5 |
| APM peak | 80 |
| eAPM avg | 27.1 |
| Villagers / military | 179 / 74 |
Focus
⚔️ 38.0% · 🌾 62.0%
Unknown (1968) ×60 · Unknown (1944) ×42 · Militia ×28 · Scout Cavalry ×26 · Archer ×17 · Unknown (1974) ×15
Feudal
12:13
Castle
24:21
Imperial
44:52
| APM avg | 28.7 |
| APM peak | 54 |
| eAPM avg | 18.4 |
| Villagers / military | 179 / 145 |
Focus
⚔️ 33.6% · 🌾 66.4%
Eagle Scout ×58 · Jaguar Warrior ×40 · Militia ×34 · Skirmisher ×13
Match map
Initial resources + every placement click. Lines = walls · curves = elevation contours. ◆ gold · ⬟ stone · ● berries · ✦ relic · ◌ wall gap
Your base· Open — 1t gap
GAX |_TempesT_'s base· ✓ Closed at 24:21 · 3t walls · 5 gate(s)
Smoothed initial terrain · ◌ = detected wall gap · hover for details
Inputs per minute
— tomas - - GAX |_TempesT_
Build order — tomas
First 150 of 624 actions detected
| 0:00 | Queue | Villager (Male) |
| 0:00 | Queue | Villager (Male) |
| 0:01 | Build | House |
| 0:02 | Build | House |
| 0:06 | Queue | Villager (Male) |
| 0:06 | Queue | Villager (Male) |
| 1:30 | Queue | Villager (Male) |
| 1:30 | Queue | Villager (Male) |
| 1:45 | Queue | Villager (Male) |
| 1:45 | Queue | Villager (Male) |
| 1:49 | Build | Lumber Camp |
| 2:16 | Queue | Villager (Male) |
| 2:16 | Queue | Villager (Male) |
| 2:45 | Queue | Villager (Male) |
| 2:45 | Queue | Villager (Male) |
| 3:10 | Queue | Villager (Male) |
| 3:10 | Queue | Villager (Male) |
| 3:28 | Queue | Villager (Male) |
| 3:55 | Build | House |
| 3:59 | Queue | Villager (Male) |
| 4:00 | Queue | Villager (Male) |
| 4:19 | Queue | Villager (Male) |
| 4:19 | Queue | Villager (Male) |
| 4:20 | Queue | Villager (Male) |
| 4:33 | Build | Mining Camp |
| 4:52 | Queue | Villager (Male) |
| 5:31 | Queue | Villager (Male) |
| 5:31 | Research | Loom |
| 6:24 | Research | Feudal Age |
| 6:24 | Research | Feudal Age |
| 7:02 | Build | House |
| 7:10 | Queue | Villager (Male) |
| 7:20 | Build | Barracks |
| 7:26 | Build | Palisade Wall |
| 7:29 | Build | Palisade Wall |
| 8:49 | Queue | Villager (Male) |
| 8:50 | Age | Feudal Age |
| 8:54 | Build | Palisade Wall |
| 8:57 | Build | Palisade Wall |
| 8:59 | Build | Archery Range |
| 9:15 | Build | Blacksmith |
| 9:20 | Queue | Villager (Male) |
| 9:42 | Queue | Archer |
| 9:42 | Queue | Archer |
| 9:49 | Research | Fletching |
| 9:50 | Research | Fletching |
| 9:51 | Queue | Villager (Male) |
| 9:56 | Research | Double-Bit Axe |
| 9:56 | Research | Double-Bit Axe |
| 9:56 | Research | Double-Bit Axe |
| 10:10 | Queue | Villager (Male) |
| 10:12 | Build | House |
| 10:31 | Queue | Villager (Male) |
| 10:32 | Queue | Villager (Male) |
| 10:37 | Build | House |
| 11:09 | Build | House |
| 11:18 | Build | Mill |
| 11:21 | Queue | Villager (Male) |
| 11:28 | Build | House |
| 11:34 | Queue | Archer |
| 11:34 | Queue | Archer |
| 11:48 | Build | House |
| 12:10 | Build | Palisade Gate |
| 12:12 | Queue | Villager (Male) |
| 12:12 | Queue | Villager (Male) |
| 12:29 | Build | Palisade Wall |
| 12:30 | Build | Palisade Wall |
| 12:35 | Queue | Archer |
| 12:36 | Queue | Archer |
| 12:39 | Build | Farm |
| 12:40 | Build | Farm |
| 12:42 | Queue | Villager (Male) |
| 12:42 | Queue | Villager (Male) |
| 12:45 | Build | Farm |
| 12:56 | Build | Market |
| 13:13 | Build | Farm |
| 13:47 | Build | Palisade Wall |
| 13:48 | Build | Palisade Wall |
| 14:10 | Queue | Archer |
| 14:10 | Queue | Archer |
| 14:13 | Queue | Villager (Male) |
| 14:13 | Queue | Villager (Male) |
| 14:13 | Queue | Villager (Male) |
| 14:20 | Build | Farm |
| 14:20 | Build | Farm |
| 14:20 | Build | Farm |
| 14:20 | Build | Farm |
| 14:21 | Build | Farm |
| 14:24 | Queue | Villager (Male) |
| 14:24 | Queue | Villager (Male) |
| 14:50 | Queue | Archer |
| 15:04 | Build | Farm |
| 15:20 | Queue | Archer |
| 15:24 | Build | House |
| 15:47 | Build | House |
| 15:48 | Queue | Villager (Male) |
| 15:50 | Build | Farm |
| 15:51 | Build | Farm |
| 15:55 | Queue | Archer |
| 16:13 | Build | Farm |
| 16:21 | Queue | Villager (Male) |
| 16:21 | Queue | Villager (Male) |
| 16:28 | Build | Farm |
| 16:52 | Build | Barracks |
| 17:07 | Queue | Villager (Male) |
| 17:19 | Build | Lumber Camp |
| 17:30 | Build | Farm |
| 17:44 | Queue | Archer |
| 17:44 | Queue | Archer |
| 17:52 | Build | Palisade Wall |
| 17:55 | Build | Palisade Wall |
| 17:59 | Build | Palisade Wall |
| 18:16 | Research | Castle Age |
| 18:28 | Queue | Militia |
| 18:31 | Research | Scale Mail Armor |
| 18:36 | Queue | Archer |
| 18:36 | Queue | Archer |
| 18:51 | Research | Horse Collar |
| 18:51 | Research | Horse Collar |
| 19:06 | Queue | Militia |
| 19:10 | Queue | Archer |
| 19:16 | Build | Palisade Wall |
| 19:20 | Build | Palisade Wall |
| 19:21 | Build | Palisade Wall |
| 19:39 | Research | Forging |
| 19:39 | Research | Forging |
| 19:40 | Research | Arson |
| 19:45 | Build | Palisade Wall |
| 20:12 | Build | Farm |
| 20:18 | Queue | Archer |
| 20:22 | Build | Barracks |
| 20:56 | Age | Castle Age |
| 20:59 | Build | Town Center |
| 21:09 | Build | Town Center |
| 21:20 | Queue | Unit 1974 |
| 21:20 | Queue | Unit 1974 |
| 21:20 | Queue | Unit 1974 |
| 21:23 | Queue | Villager (Male) |
| 21:23 | Queue | Villager (Male) |
| 21:25 | Research | Bow Saw |
| 21:25 | Research | Bow Saw |
| 21:25 | Research | Bow Saw |
| 21:27 | Build | Lumber Camp |
| 21:42 | Research | Squires |
| 21:42 | Research | Squires |
| 21:45 | Research | Chain Mail Armor |
| 21:46 | Research | Chain Mail Armor |
| 22:05 | Queue | Unit 1974 |
| 22:05 | Queue | Unit 1974 |
| 22:05 | Queue | Unit 1974 |
Build order — GAX |_TempesT_
First 150 of 512 actions detected
| 0:00 | Queue | Villager (Male) |
| 0:01 | Queue | Villager (Male) |
| 0:01 | Queue | Villager (Male) |
| 0:02 | Queue | Villager (Male) |
| 0:03 | Build | House |
| 0:06 | Build | House |
| 1:22 | Queue | Villager (Male) |
| 1:48 | Queue | Villager (Male) |
| 2:01 | Queue | Villager (Male) |
| 2:46 | Build | Lumber Camp |
| 2:49 | Queue | Villager (Male) |
| 3:06 | Queue | Villager (Male) |
| 3:29 | Queue | Villager (Male) |
| 3:46 | Queue | Villager (Male) |
| 3:52 | Build | House |
| 4:01 | Build | House |
| 4:24 | Queue | Villager (Male) |
| 4:52 | Build | Barracks |
| 4:53 | Queue | Villager (Male) |
| 5:10 | Queue | Villager (Male) |
| 5:21 | Build | House |
| 5:41 | Queue | Villager (Male) |
| 5:44 | Queue | Militia |
| 5:45 | Queue | Militia |
| 6:08 | Build | House |
| 6:14 | Build | Mill |
| 6:20 | Queue | Villager (Male) |
| 6:23 | Queue | Militia |
| 6:48 | Queue | Militia |
| 6:53 | Queue | Villager (Male) |
| 6:59 | Build | Farm |
| 7:02 | Build | Farm |
| 7:20 | Queue | Villager (Male) |
| 7:29 | Queue | Militia |
| 7:32 | Build | House |
| 7:44 | Build | Farm |
| 7:50 | Queue | Villager (Male) |
| 8:06 | Build | Farm |
| 8:23 | Queue | Villager (Male) |
| 8:27 | Build | Farm |
| 8:30 | Queue | Villager (Male) |
| 8:34 | Build | House |
| 8:58 | Queue | Villager (Male) |
| 8:59 | Research | Loom |
| 9:11 | Build | House |
| 9:41 | Build | Palisade Gate |
| 10:01 | Research | Feudal Age |
| 10:18 | Build | Palisade Gate |
| 10:23 | Build | Mining Camp |
| 10:58 | Build | Palisade Gate |
| 11:03 | Build | Palisade Gate |
| 11:12 | Queue | Villager (Male) |
| 11:18 | Build | Palisade Gate |
| 11:24 | Build | House |
| 11:26 | Build | House |
| 11:41 | Queue | Villager (Male) |
| 12:13 | Age | Feudal Age |
| 12:14 | Research | Man-at-Arms (upgrade) |
| 12:16 | Research | Double-Bit Axe |
| 12:16 | Research | Double-Bit Axe |
| 12:17 | Research | Horse Collar |
| 12:26 | Build | House |
| 12:45 | Build | Barracks |
| 12:51 | Research | Arson |
| 12:51 | Research | Arson |
| 12:55 | Queue | Villager (Male) |
| 13:06 | Queue | Villager (Male) |
| 13:10 | Build | Market |
| 13:29 | Queue | Villager (Male) |
| 14:00 | Queue | Villager (Male) |
| 14:03 | Build | Barracks |
| 14:06 | Queue | Eagle Scout |
| 14:08 | Queue | Eagle Scout |
| 14:17 | Build | Lumber Camp |
| 14:31 | Queue | Villager (Male) |
| 14:32 | Queue | Eagle Scout |
| 14:34 | Queue | Eagle Scout |
| 14:47 | Queue | Villager (Male) |
| 14:53 | Build | Watch Tower |
| 15:05 | Build | Blacksmith |
| 15:13 | Queue | Villager (Male) |
| 15:20 | Build | Lumber Camp |
| 15:37 | Queue | Villager (Male) |
| 15:41 | Build | Farm |
| 15:56 | Build | House |
| 15:59 | Queue | Villager (Male) |
| 16:00 | Build | Farm |
| 16:17 | Queue | Eagle Scout |
| 16:23 | Build | Farm |
| 16:27 | Queue | Eagle Scout |
| 16:27 | Queue | Eagle Scout |
| 16:39 | Build | Barracks |
| 16:47 | Queue | Eagle Scout |
| 16:52 | Build | Farm |
| 16:54 | Queue | Villager (Male) |
| 17:08 | Build | Farm |
| 17:25 | Build | Farm |
| 17:26 | Build | Farm |
| 17:28 | Queue | Villager (Male) |
| 17:41 | Build | Farm |
| 17:48 | Queue | Villager (Male) |
| 17:48 | Queue | Villager (Male) |
| 17:53 | Build | Farm |
| 18:02 | Research | Scale Mail Armor |
| 18:14 | Build | Market |
| 18:20 | Queue | Villager (Male) |
| 18:34 | Build | Farm |
| 18:35 | Build | Farm |
| 18:36 | Queue | Villager (Male) |
| 18:51 | Queue | Eagle Scout |
| 18:52 | Queue | Eagle Scout |
| 19:13 | Queue | Villager (Male) |
| 19:17 | Build | Mining Camp |
| 19:23 | Research | Forging |
| 19:34 | Queue | Villager (Male) |
| 19:34 | Queue | Villager (Male) |
| 19:43 | Queue | Eagle Scout |
| 19:43 | Queue | Eagle Scout |
| 19:43 | Queue | Eagle Scout |
| 19:53 | Build | Farm |
| 19:55 | Build | Farm |
| 19:56 | Build | Farm |
| 19:58 | Build | Mill |
| 20:08 | Queue | Villager (Male) |
| 20:12 | Build | Farm |
| 20:15 | Queue | Villager (Male) |
| 20:32 | Queue | Villager (Male) |
| 20:40 | Build | Farm |
| 20:44 | Build | Farm |
| 21:41 | Research | Castle Age |
| 21:42 | Research | Castle Age |
| 21:48 | Build | Mining Camp |
| 21:56 | Research | Gold Mining |
| 22:00 | Research | Stone Mining |
| 22:15 | Research | Gold Mining |
| 22:39 | Queue | Militia |
| 22:40 | Queue | Militia |
| 22:40 | Queue | Militia |
| 22:41 | Queue | Militia |
| 23:00 | Queue | Villager (Male) |
| 23:04 | Queue | Militia |
| 23:04 | Queue | Militia |
| 23:22 | Build | House |
| 23:25 | Build | Palisade Wall |
| 23:27 | Build | Palisade Wall |
| 23:37 | Queue | Militia |
| 23:37 | Queue | Militia |
| 23:50 | Build | Palisade Wall |
| 24:02 | Queue | Militia |
| 24:03 | Queue | Militia |
Match timeline
| 4:52 | GAX |_TempesT_ · first_building Barracks |
| 7:20 | tomas · first_building Barracks |
| 7:26 | tomas · wall_segment Palisade Wall x1 |
| 7:29 | tomas · wall_segment Palisade Wall x1 |
| 8:50 | tomas · age_up feudal |
| 8:54 | tomas · wall_segment Palisade Wall x1 |
| 8:57 | tomas · wall_segment Palisade Wall x1 |
| 8:59 | tomas · first_building Archery Range |
| 12:13 | GAX |_TempesT_ · age_up feudal |
| 12:29 | tomas · wall_segment Palisade Wall x1 |
| 12:30 | tomas · wall_segment Palisade Wall x1 |
| 13:47 | tomas · wall_segment Palisade Wall x1 |
| 13:48 | tomas · wall_segment Palisade Wall x1 |
| 17:10 | tomas · first_market_sell 100 wood |
| 17:52 | tomas · wall_segment Palisade Wall x1 |
| 17:55 | tomas · wall_segment Palisade Wall x1 |
| 17:59 | tomas · wall_segment Palisade Wall x1 |
| 19:16 | tomas · wall_segment Palisade Wall x1 |
| 19:20 | tomas · wall_segment Palisade Wall x2 |
| 19:21 | tomas · wall_segment Palisade Wall x1 |
| 19:21 | GAX |_TempesT_ · first_market_buy 100 food |
| 19:45 | tomas · wall_segment Palisade Wall x1 |
| 20:05 | GAX |_TempesT_ · first_market_sell 500 wood |
| 20:56 | tomas · age_up castle |
| 22:53 | tomas · wall_segment Palisade Wall x1 |
| 22:57 | tomas · wall_segment Palisade Wall x1 |
| 23:25 | GAX |_TempesT_ · wall_segment Palisade Wall x1 |
| 23:27 | GAX |_TempesT_ · wall_segment Palisade Wall x1 |
| 23:50 | GAX |_TempesT_ · wall_segment Palisade Wall x1 |
| 24:21 | GAX |_TempesT_ · age_up castle |
| 28:50 | GAX |_TempesT_ · first_building Castle |
| 30:14 | tomas · first_building Castle |
| 37:04 | tomas · first_building Monastery |
| 37:33 | tomas · first_market_buy 100 food |
| 41:07 | tomas · age_up imperial |
| 44:36 | GAX |_TempesT_ · first_building Archery Range |
| 44:52 | GAX |_TempesT_ · age_up imperial |
| 45:22 | tomas · first_building Stable |
| 48:08 | tomas · first_building Siege Workshop |
| 48:23 | GAX |_TempesT_ · first_building Siege Workshop |
| 50:07 | GAX |_TempesT_ · resign |
[ AI ANALYSIS · 1 CREDIT ]
What really happened in this match?
Wolo.gg analyzes every decision: build order, eco, micro, common mistakes by bracket. Personalized analysis on WhatsApp or Discord in 30 seconds.
Civ guide
Wu
Perfil
Jugador #11915763